Map: Ultralove

Players

FalconsSolar (Solar) - Winner!

  • Race: Zerg Zerg
  • Spawn Location: 1:00

trigger

  • Race: Protoss Protoss
  • League: Master
  • Spawn Location: 7:00

Event: DreamHack Dallas 2025

VOD

Have the link to the VOD?

Description

Time

  • Played on: May 24, 2025, 2:38 p.m.
  • Length: 8:22

All games in this series

Show
View Real Time Build Order
Export as new Build Order

FalconsSolar Zerg - Winner!

Build Orders: Hatch First 

Get SALT Encoding   

  12  0:00  Drone  
  13  0:07  Drone  
  14  0:14  Extractor  
  14  0:15  Drone  
  15  0:21  Overlord  
  15  0:39  Drone x2  
  17  0:49  Hatchery  
  16  0:52  Drone  
  16  0:55  Drone  
  18  1:06  Extractor  
  18  1:11  Spawning Pool  
  16  1:13  Drone  
  16  1:17  Drone  
  18  1:27  Drone  
  19  1:37  Drone  
  20  1:47  Overlord  
  20  1:58  Queen  
  20  2:00  Queen  
  24  2:01  Zergling x4  
  26  2:09  Drone  
  26  2:10  Metabolic Boost  
  26  2:13  Drone  
  28  2:21  Drone  
  28  2:22  Drone  
  30  2:34  Hatchery  
  30  2:37  Zergling x2  
  30  2:45  Queen  
  30  2:48  Overlord  
  30  2:50  Drone  
  33  2:53  Zergling x2  
  33  2:56  Zergling x2  
  35  3:01  Zergling x2  
  36  3:06  Queen  
  36  3:09  Drone  
  36  3:10  Drone  
  36  3:12  Drone  
  41  3:16  Drone  
  41  3:17  Drone  
  41  3:20  Drone  
  41  3:22  Drone  
  42  3:28  Overlord  
  42  3:33  Drone  
  43  3:38  Spore Crawler  
  42  3:45  Queen  
  42  3:46  Queen  
  42  3:48  Drone x2  
  47  3:52  Drone x2  
  47  3:54  Drone  
  49  3:57  Spore Crawler  
  49  3:58  Drone  
  49  4:02  Drone x2  
  51  4:04  Drone  
  51  4:06  Drone  
  51  4:08  Overlord  
  53  4:14  Drone  
  53  4:15  Evolution Chamber  
  53  4:18  Zergling x6  
  53  4:19  Zergling x2  
  53  4:23  Overlord  
  57  4:26  Overlord  
  57  4:27  Drone  
  57  4:28  Drone  
  57  4:31  Drone x2  
  60  4:34  Drone  
  60  4:35  Drone  
  60  4:36  Drone  
  60  4:37  Drone  
  64  4:40  Drone  
  64  4:42  Zerg Melee Weapons Level 1  
  65  4:46  Overlord  
  65  4:47  Drone x2  
  65  4:52  Drone  
  68  4:56  Drone x2  
  68  4:57  Drone, Extractor  
  68  4:59  Zergling x8  
  71  5:01  Zergling x2  
  71  5:02  Zergling x2  
  71  5:03  Zergling x2  
  71  5:04  Zergling x2  
  75  5:10  Drone  
  75  5:11  Drone, Roach Warren  
  75  5:13  Drone  
  77  5:16  Overlord  
  77  5:20  Zergling x2  
  78  5:22  Lair  
  78  5:24  Zergling x2  
  76  5:29  Zergling x4  
  76  5:32  Zergling x2  
  76  5:34  Drone x2, Extractor x2  
  78  5:36  Drone  
  78  5:37  Drone  
  78  5:39  Drone x2, Hatchery  
  78  5:40  Drone  
  78  5:42  Drone  
  83  5:43  Drone  
  83  5:46  Zergling x2  
  83  5:49  Drone  
  83  5:51  Extractor  
  83  5:57  Drone  
  83  5:58  Drone  
  83  6:00  Overlord, Pneumatized Carapace  
  82  6:09  Drone, Overlord  
  81  6:12  Roach x8  
  81  6:14  Overlord  
  97  6:20  Overlord  
  97  6:23  Overlord x2  
  97  6:24  Glial Reconstitution  
  97  6:28  Roach  
  97  6:29  Roach x2  
  103  6:33  Ravager  
  103  6:34  Zergling x10  
  103  6:39  Zergling x2, Ravager  
  111  6:43  Zergling x6  
  111  6:46  Ravager  
  115  6:47  Roach  
  115  6:49  Zergling x4  
  119  6:54  Zergling x2  
  119  6:56  Zergling x2  
  119  6:57  Zergling x4, Ravager  
  119  6:58  Ravager  
  119  6:59  Overlord  
  119  7:00  Zergling x2  
  126  7:06  Zergling x6  
  123  7:10  Zergling x10  
  123  7:12  Zergling x2  
  119  7:19  Roach  
  119  7:23  Zergling x10, Ravager  
  120  7:31  Roach x2  
  119  7:37  Roach x2  
  119  7:38  Zergling x4  
  119  7:43  Zergling x2  
  125  7:47  Zergling x4  
  123  7:52  Overlord x2  
  123  7:53  Roach x2  
  123  7:57  Hydralisk Den  
  123  7:58  Zergling x4  
  126  8:00  Zergling x6  
  126  8:05  Zergling x4  
Show
View Real Time Build Order
Export as new Build Order

trigger Protoss 

Build Orders: 1 Gate Expand, Oracle Opening 

Get SALT Encoding   

  12  0:00  Probe  
  13  0:12  Probe  
  14  0:19  Pylon  
  14  0:24  Probe  
  15  0:33  Probe  
  15  0:40  Gateway  
  15  0:41  Probe  
  16  0:49  Assimilator  
  17  0:51  Probe  
  18  1:03  Probe  
  19  1:15  Probe  
  20  1:25  Nexus  
  20  1:36  Cybernetics Core  
  20  1:39  Probe  
  21  1:43  Assimilator  
  21  1:51  Probe  
  22  1:54  Pylon  
  22  2:02  Adept  
  22  2:03  Probe  
  23  2:15  Probe  
  26  2:22  Stargate, Adept  
  26  2:27  Probe  
  27  2:36  Warp Gate  
  29  2:37  Probe  
  29  2:39  Probe  
  31  2:49  Probe  
  32  2:51  Probe  
  32  2:54  Adept  
  32  2:58  Oracle  
  35  3:01  Probe  
  35  3:04  Probe  
  40  3:14  Probe  
  40  3:18  Probe  
  40  3:26  Probe  
  39  3:30  Gateway, Probe  
  40  3:38  Oracle, Probe  
  44  3:44  Nexus  
  44  3:47  Probe  
  45  3:50  Probe  
  44  3:58  Probe  
  44  3:59  Pylon, Probe  
  46  4:04  Twilight Council  
  46  4:06  Assimilator  
  46  4:11  Pylon  
  46  4:15  Probe  
  48  4:17  Probe  
  48  4:22  Forge  
  48  4:27  Probe  
  48  4:28  Adept x2  
  48  4:29  Probe, Blink  
  53  4:39  Probe  
  53  4:41  Probe  
  55  4:49  Protoss Ground Weapons Level 1  
  55  4:51  Probe  
  55  4:52  Probe  
  56  4:56  Probe  
  56  4:59  Probe  
  58  5:00  Probe  
  58  5:04  Probe, Assimilator  
  60  5:07  Gateway, Probe  
  60  5:08  Probe  
  60  5:12  Gateway  
  60  5:13  Probe  
  60  5:14  Stalker  
  65  5:18  Probe  
  67  5:25  Stalker  
  65  5:32  Probe x2  
  59  5:37  Probe  
  59  5:40  Stalker  
  59  5:44  Gateway  
  59  5:45  Probe  
  59  5:46  Probe  
  59  5:47  Gateway  
  59  5:48  Stalker  
  59  5:49  Probe  
  60  5:54  Shield Battery  
  59  5:57  Probe  
  59  5:58  Probe  
  59  6:01  Probe, Stalker  
  64  6:09  Probe  
  64  6:10  Stalker x2  
  69  6:13  Probe  
  69  6:15  Probe  
  69  6:16  Templar Archives  
  71  6:19  Pylon  
  71  6:21  Probe  
  72  6:26  Probe, Stalker  
  72  6:28  Probe, Charge  
  72  6:31  Pylon  
  76  6:33  Probe  
  76  6:35  Assimilator  
  76  6:38  Probe  
  76  6:39  Assimilator  
  78  6:46  Probe  
  80  6:48  Pylon  
  80  6:51  Shield Battery  
  80  6:53  Stalker x2  
  80  6:54  Stalker  
  85  6:55  Shield Battery  
  85  6:58  Stalker  
  85  6:59  Zealot  
  89  7:02  Zealot  
  89  7:12  Shield Battery  
  82  7:16  Shield Battery  
  82  7:17  Shield Battery, Stalker x3  
  82  7:20  Stalker  
  82  7:22  Stalker x2  
  94  7:27  Probe  
  92  7:36  Stalker  
  90  7:38  Shield Battery  
  90  7:39  Shield Battery  
  90  7:41  Stalker x3  
  94  7:45  Stalker  
  92  7:52  Stalker  
  88  8:00  Pylon  
  88  8:02  Stalker  
  88  8:03  Stalker  
  86  8:08  Stalker x3  
Tags
 
Add a new tag
Caveats
  • Supply blocks, unpowered buildings, or Contaminate may cause inaccurate times.
  • Supply counts are checked every 10 seconds.